 Dungeon Crawl Stone Soup version 0.31.0-32-g396128a36d (webtiles) character file.

Game seed: 2045825532177254000

4892 monsoonserge the Grappler (level 10, -8/76 HPs)
             Began as a Gnoll Shapeshifter on Mar 25, 2024.
             Was a Priest of Wu Jian.
             Mangled by a two-headed ogre
             ... wielding a +0 giant spiked club
              (32 damage)
             ... on level 9 of the Dungeon.
             The game lasted 00:26:26 (7322 turns).

monsoonserge the Grappler (Gnoll Shapeshifter)      Turns: 7322, Time: 00:26:27

Health: -8/76      AC:  7    Str: 18    XL:     10   Next: 51%
Magic:  18/18      EV: 12    Int:  9    God:    Wu Jian [***...]
Gold:   468        SH:  9    Dex: 13    Spells: 18/20 levels left

rFire   . . .        F - +8 dagger "Ogre's Foe" {freeze, rC- Will+++ Str+3 Int-2}
rCold   . . .        a - +0 kite shield
rNeg    . . .        R - +1 ring mail {rF+}
rPois   +            (helmet currently unavailable)
rElec   .            (cloak currently unavailable)
rCorr   .            k - melded +0 pair of gloves
SInv    .            (boots currently unavailable)
Will    +++..        (no amulet)
Stlth   ++           q - ring of poison resistance
HPRegen 0.32/turn    s - ring of ice
MPRegen 0.16/turn

%: no passive effects
@: exhausted, beast-form
A: beast (slay +4), fangs 1, strong nose, distributed training
a: Begin Untransformation, Renounce Religion, Wall Jump, Serpent's Lash


You were on level 9 of the Dungeon.
You worshipped Wu Jian.
Wu Jian was most pleased with you.
You were a hulking beast.
You visited 2 branches of the dungeon, and saw 10 of its levels.

You collected 494 gold pieces.
You spent 26 gold pieces at shops.

Inventory:

Hand Weapons
 F - the +8 dagger "Ogre's Foe" (weapon) {freeze, rC- Will+++ Str+3 Int-2}
   (You found it on level 5 of the Dungeon)

   Str+3:     It affects your strength (+3).
   Int-2:     It affects your intelligence (-2).
   rC-:       It makes you vulnerable to cold.
   Will+++:   It greatly increases your willpower.
 T - a +2 glaive of pain
Missiles
 p - a throwing net
 r - 3 curare-tipped darts
 B - 6 boomerangs (quivered)
 Q - 15 poisoned darts
Armour
 a - a +0 kite shield (worn)
 k - a +0 pair of gloves (melded)
 K - a +0 chain mail
 L - a +0 helmet
 N - a +0 plate armour
 R - a +1 ring mail of fire resistance (worn)
 U - +0 acid dragon scales
Magical Staves
 C - a staff of air
Jewellery
 q - a ring of poison resistance (left hand)
 s - a ring of ice (right hand)
 E - a ring of positive energy
Talismans
 c - a beast talisman (active)
 d - a flux talisman
 y - a blade talisman
Wands
 g - a wand of charming (4)
 x - a wand of iceblast (8)
 O - a wand of quicksilver (11)
 S - a wand of flame (14)
Scrolls
 e - 4 scrolls of teleportation
 f - 2 scrolls of fear
 i - 4 scrolls of vulnerability
 l - a scroll of summoning
 m - 4 scrolls of amnesia {unknown}
 o - a scroll of blinking
 t - a scroll of revelation
 z - a scroll of fog
 A - a scroll of enchant weapon {unknown}
 D - 2 scrolls of torment
 M - 2 scrolls of enchant armour {unknown}
Potions
 b - 2 potions of lignification
 h - 2 potions of might
 j - a potion of attraction {unknown}
 n - 2 potions of curing
 u - 6 potions of brilliance {unknown}
 v - a potion of ambrosia {unknown}
 w - a potion of invisibility {unknown}
 G - a potion of enlightenment {unknown}
 H - 2 potions of haste {unknown}
 I - a potion of mutation {unknown}
 J - a potion of cancellation {unknown}
 P - a potion of magic {unknown}


   Skills:
 + Level 6.2 Fighting
 + Level 5.5 Short Blades
 + Level 5.5 Long Blades
 + Level 5.5 Axes
 + Level 5.5 Maces & Flails
 + Level 5.5 Polearms
 + Level 5.5 Staves
 + Level 5.5 Ranged Weapons
 + Level 5.5 Throwing
 + Level 5.5 Armour
 + Level 7.3 Dodging
 + Level 5.5 Stealth
 + Level 5.5 Shields
 + Level 8.7 Unarmed Combat
 + Level 5.5 Spellcasting
 + Level 4.6 Conjurations
 + Level 4.6 Hexes
 + Level 4.6 Summonings
 + Level 4.6 Necromancy
 + Level 4.6 Translocations
 + Level 4.6 Fire Magic
 + Level 4.6 Ice Magic
 + Level 4.6 Air Magic
 + Level 4.6 Earth Magic
 + Level 4.6 Alchemy
 + Level 6.1 Invocations
 + Level 5.5 Evocations
 + Level 8.3 Shapeshifting


You had 18 spell levels left.
You knew the following spells:

 Your Spells              Type           Power      Damage    Failure   Level
a - Blink                 Tloc           20%        N/A       22%         2

Your spell library contained the following spells:

 Spells                   Type           Power      Damage    Failure   Level
 Magic Dart               Conj           40%        1d5       14%         1
 Call Imp                 Summ           20%        N/A       22%         2
 Searing Ray              Conj           20%        2d5       22%         2
 Gell's Gravitas          Tloc           10%        N/A       41%         3
 Teleport Other           Tloc           10%        N/A       41%         3
 Anguish                  Hex/Necr       5%         N/A       82%         4
 Animate Dead             Necr           10%        N/A       82%         4
 Cause Fear               Hex            5%         N/A       82%         4
 Fulminant Prism          Conj/Alch      5%         3d6       82%         4
 Borgnjor's Vile Clutch   Necr/Erth      5%         N/A       99%         5
 Death Channel            Necr           5%         N/A       100%        6
 Dispersal                Tloc           5%         N/A       100%        6
 Enfeeble                 Hex            5%         N/A       100%        7


Dungeon Overview and Level Annotations

Branches:
Dungeon (9/15)             Temple (1/1) D:4
   Lair: D:8-11         Orc: D:9-12

Altars:
Ashenzari
Cheibriados
Dithmenos
Elyvilon
Fedhas
Gozag
Hepliaklqana
Makhleb
Nemelex Xobeh
Qazlal
Ru
Sif Muna
Trog
Uskayaw
Vehumet
Wu Jian
Xom
Yredelemnul
Zin
The Shining One

Shops:
D:5 *

Annotations:
D:5 1 runed translucent door, Crazy Yiuf


Innate Abilities, Weirdness & Mutations

You are a hulking beast.
Your limbs bulge with bestial killing power. (Slay +4)
You have very sharp teeth.
Your uncanny sense of smell can sniff out nearby items.
Your experience applies equally to all skills.


Message History

You open the door.
There is an open door here.
You open the door.
A two-headed ogre comes into view.
It is wielding two +0 giant spiked clubs.
The two-headed ogre shouts in stereo!
You hear a shout!
The two-headed ogre moves out of view.
A centaur comes into view.
The centaur wields a +0 orcbow.
The centaur shoots an arrow.
The arrow hits you! The two-headed ogre barely misses you.
The two-headed ogre hits you with a +0 giant spiked club!!
The centaur shoots an arrow.
The arrow closely misses you.
There is an open door, spattered with blood here.
You barely miss the two-headed ogre.
The centaur shoots an arrow.
You block the arrow. The two-headed ogre closely misses you.
The two-headed ogre barely misses you.
You hit the two-headed ogre. You freeze the two-headed ogre.
The two-headed ogre is lightly wounded.
The centaur shoots an arrow.
You block the arrow.
You hit the two-headed ogre. You freeze the two-headed ogre.
The two-headed ogre is moderately wounded.
The two-headed ogre closely misses you.
The two-headed ogre hits you with a +0 giant spiked club!!
Your muscles tense, ready for explosive movement...
You spin and attack the two-headed ogre, with incredible momentum.
You puncture the two-headed ogre! You freeze the two-headed ogre!
Your bite misses the two-headed ogre.
The two-headed ogre is severely wounded.
Unknown command.
You spin and attack the two-headed ogre, with incredible momentum.
You hit the two-headed ogre. You freeze the two-headed ogre.
The two-headed ogre is almost dead.
Your supernatural speed expires.
Unknown command.
You barely miss the two-headed ogre. You bite the two-headed ogre.
The two-headed ogre is almost dead.
You hit the two-headed ogre. You freeze the two-headed ogre.
The two-headed ogre is almost dead.
You block the two-headed ogre's attack.
The two-headed ogre hits you with a +0 giant spiked club!!
You die...

#........#[..
#........#...
.#+############.....#...
..............#.....#...
..............#.....#...
..............#.....#...
..............#.....#...
..............'.....#...
.......hâ—‹.....#######...
####+###O###............
..........#............
..........#............
....^.....#.........
....##....#......... c...
#....########## ... ......
.. ......#


You could see a two-headed ogre.

Vanquished Creatures
  Pikel (D:6)
  Maggie (D:6)
  2 wyverns
  Eustachio (D:4)
  2 water moccasins
  2 ice beasts
  3 sky beasts
  2 orc warriors
  3 ogres
  4 lemures (D:6)
  5 centaurs
  A phantom (D:6)
  A kobold brigand (D:9)
  3 bullfrogs
  A gnoll sergeant (D:6)
  4 scorpions
  6 wights
  3 killer bees (D:8)
  A howler monkey (D:7)
  A bombardier beetle (D:2)
  3 hounds (D:5)
  6 jellies
  A gnoll bouda (D:6)
  2 orc priests
  3 sleepcaps (D:6)
  Jessica (D:3)
  8 iguanas
  5 orc wizards
  8 gnolls
  10 adders
  A shadow imp (D:7)
  A white imp (D:4)
  4 ufetubi
  A ribbon worm (D:3)
  2 dart slugs
  13 orcs
  3 ball pythons
  4 bats
  10 endoplasms
  4 giant cockroaches
  7 goblins
  4 hobgoblins
  3 quokkas
  3 frilled lizards
  13 kobolds
  5 rats
172 creatures vanquished.

Notes
Turn   | Place    | Note
-------+----------+-------------------------------------------
     0 | D:1      | monsoonserge the Gnoll Shapeshifter began the quest for the
                  | Orb.
     0 | D:1      | Reached XP level 1. HP: 17/17 MP: 1/1
    87 | D:1      | Found a faded altar of an unknown god.
    93 | D:1      | Reached XP level 2. HP: 16/23 MP: 2/2
   560 | D:2      | Noticed a bombardier beetle
   564 | D:2      | Killed a bombardier beetle
   565 | D:2      | Reached skill level 1 in Short Blades
   565 | D:2      | Reached skill level 1 in Long Blades
   565 | D:2      | Reached skill level 1 in Axes
   565 | D:2      | Reached skill level 1 in Maces & Flails
   565 | D:2      | Reached skill level 1 in Polearms
   565 | D:2      | Reached skill level 1 in Staves
   565 | D:2      | Reached skill level 1 in Ranged Weapons
   565 | D:2      | Reached skill level 1 in Throwing
   565 | D:2      | Reached skill level 1 in Armour
   565 | D:2      | Reached skill level 1 in Stealth
   565 | D:2      | Reached skill level 1 in Shields
   565 | D:2      | Reached skill level 1 in Spellcasting
   565 | D:2      | Reached skill level 1 in Invocations
   565 | D:2      | Reached skill level 1 in Evocations
   565 | D:2      | Reached XP level 3. HP: 26/28 MP: 2/4
   678 | D:2      | Reached XP level 4. HP: 32/34 MP: 5/5
   971 | D:2      | Reached skill level 1 in Conjurations
   971 | D:2      | Reached skill level 1 in Hexes
   971 | D:2      | Reached skill level 1 in Summonings
   971 | D:2      | Reached skill level 1 in Necromancy
   971 | D:2      | Reached skill level 1 in Translocations
   971 | D:2      | Reached skill level 1 in Fire Magic
   971 | D:2      | Reached skill level 1 in Ice Magic
   971 | D:2      | Reached skill level 1 in Air Magic
   971 | D:2      | Reached skill level 1 in Earth Magic
   971 | D:2      | Reached skill level 1 in Alchemy
  1300 | D:3      | Noticed Jessica
  1332 | D:3      | Killed Jessica
  1333 | D:3      | Reached XP level 5. HP: 37/40 MP: 5/7
  2232 | D:4      | Found a staircase to the Ecumenical Temple.
  2241 | Temple   | Entered the Ecumenical Temple
  2252 | Temple   | Became a worshipper of the Wu Jian Council
  2353 | D:4      | Found a blossoming altar of Fedhas.
  2716 | D:4      | Noticed Eustachio
  2733 | D:4      | Killed Eustachio
  2734 | D:4      | Reached skill level 5 in Dodging
  2734 | D:4      | Reached XP level 6. HP: 9/47 MP: 7/9
  3235 | D:5      | Entered Level 5 of the Dungeon
  3333 | D:5      | Found Xoepuiho's Assorted Antiques.
  3342 | D:5      | Bought a scroll labelled XAAT SINYUM for 26 gold pieces
  3349 | D:5      | Reached XP level 7. HP: 47/52 MP: 10/10
  3664 | D:5      | Identified the +8 dagger "Ogre's Foe" {freeze, rC- Will+++
                  | Str+3 Int-2}
  3732 | D:5      | Reached * piety under Wu Jian
  3891 | D:5      | Found a glowing golden altar of the Shining One.
  4011 | D:5      | Found a runed translucent door.
  4012 | D:5      | Noticed Crazy Yiuf
  4054 | D:6      | Reached XP level 8. HP: 55/60 MP: 12/12
  4774 | D:6      | Noticed Pikel
  4800 | D:6      | Killed Pikel
  4801 | D:6      | Reached XP level 9. HP: 54/67 MP: 13/15
  4839 | D:6      | Reached skill level 5 in Fighting
  4849 | D:6      | Reached ** piety under Wu Jian
  5023 | D:6      | Reached skill level 5 in Invocations
  5248 | D:6      | Learned a level 2 spell: Blink
  5347 | D:6      | You fall into a shaft and drop 2 floors!
  5586 | D:8      | Found a broken altar of Ashenzari.
  5587 | D:8      | Found a shadowy altar of Dithmenos.
  5648 | D:8      | Reached skill level 5 in Short Blades
  5648 | D:8      | Reached skill level 5 in Long Blades
  5648 | D:8      | Reached skill level 5 in Axes
  5648 | D:8      | Reached skill level 5 in Maces & Flails
  5648 | D:8      | Reached skill level 5 in Polearms
  5648 | D:8      | Reached skill level 5 in Staves
  5648 | D:8      | Reached skill level 5 in Ranged Weapons
  5648 | D:8      | Reached skill level 5 in Throwing
  5648 | D:8      | Reached skill level 5 in Armour
  5648 | D:8      | Reached skill level 5 in Stealth
  5648 | D:8      | Reached skill level 5 in Shields
  5648 | D:8      | Reached skill level 5 in Spellcasting
  5648 | D:8      | Reached skill level 5 in Evocations
  5648 | D:8      | Reached XP level 10. HP: 53/76 MP: 17/17
  6163 | D:6      | Noticed Maggie
  6183 | D:6      | Killed Maggie
  6754 | D:7      | Found a sacrificial altar of Ru.
  6834 | D:7      | Reached *** piety under Wu Jian
  7315 | D:9      | Noticed a two-headed ogre
  7322 | D:9      | Mangled by a two-headed ogre

Illustrated notes

Levels and vault maps discovered:
D:1:      minmay_arrival_jagged, layout_basic,
          hellmonk_ecumenical_altar_pennies_from_heaven
D:2:      layout_loops_ring, serial_bayou_crossing
D:3:      layout_basic, kennysheep_nub, minmay_pentangle, uniq_jessica
D:4:      layout_loops_ring, fedhas_ov_isle_minmay, lemuel_temple_firewalk_a,
          kennysheep_boxes, uniq_eustachio
D:5:      layout_gridville, lemuel_doored_altar, serial_shops, shop,
          uniq_crazy_yiuf_cottage
D:6:      minmay_thinvault, layout_rooms, uniq_maggie, uniq_pikel
D:7:      layout_rooms, hangedman_ru_absence
D:8:      layout_rooms, grunt_temple_overflow_open
D:9:      layout_gridville, mainiacjoe_overflow_catwalk_spiral,
          gammafunk_ghost_spectres, minmay_radiant, uniq_maurice
Temple:   bh_familiar_temple

Skill      XL: |  1  2  3  4  5  6  7  8  9 10 |
---------------+-------------------------------+-----
Short Blades   | 1 2 3 4 5 |  5.5
Long Blades    | 1 2 3 4 5 |  5.5
Axes           | 1 2 3 4 5 |  5.5
Maces & Flails | 1 2 3 4 5 |  5.5
Polearms       | 1 2 3 4 5 |  5.5
Staves         | 1 2 3 4 5 |  5.5
Ranged Weapons | 1 2 3 4 5 |  5.5
Throwing       | 1 2 3 4 5 |  5.5
Armour         | 1 2 3 4 5 |  5.5
Stealth        | 1 2 3 4 5 |  5.5
Shields        | 1 2 3 4 5 |  5.5
Spellcasting   | 1 2 3 4 5 |  5.5
Invocations    | 1 2 3 4 5 6 |  6.1
Evocations     | 1 2 3 4 5 |  5.5
Conjurations   | 1 2 3 4 |  4.6
Hexes          | 1 2 3 4 |  4.6
Summonings     | 1 2 3 4 |  4.6
Necromancy     | 1 2 3 4 |  4.6
Translocations | 1 2 3 4 |  4.6
Fire Magic     | 1 2 3 4 |  4.6
Ice Magic      | 1 2 3 4 |  4.6
Air Magic      | 1 2 3 4 |  4.6
Earth Magic    | 1 2 3 4 |  4.6
Alchemy        | 1 2 3 4 |  4.6
Fighting       | 3 4 5 6 |  6.2
Dodging        | 5 6 7 |  7.3
Unarmed Combat | 7 8 |  8.7
Shapeshifting  | 7 8 |  8.3

Action                     |  1- 3 |  4- 6 |  7- 9 | 10-12 || total
---------------------------+-------+-------+-------+-------++-------
  Melee: Unarmed           |    40 |   181 |    24 |       ||   245
         Bite              |     2 |    24 |    30 |    12 ||    68
         Punch             |     1 |       |       |       ||     1
         Dagger            |       |       |   225 |   117 ||   342
  Throw: Dart              |       |     1 |       |       ||     1
         Boomerang         |       |       |    15 |    14 ||    29
 Invoke: Serpent's Lash    |       |       |       |     1 ||     1
Ability: Lunge             |       |     3 |    21 |    14 ||    38
         Whirlwind         |       |       |     8 |    41 ||    49
  Evoke: Wand              |       |       |     2 |       ||     2
    Use: Scroll            |     1 |     4 |     5 |       ||    10
   Stab: Sleeping          |     1 |     1 |       |     1 ||     3
 Armour: Animal skin       |     7 |       |       |       ||     7
         Skin              |     1 |     1 |       |       ||     2
         Ring mail         |       |    44 |    10 |    36 ||    90
         Scale mail        |       |     6 |    84 |       ||    90
         Plate armour      |       |       |    12 |    11 ||    23
  Dodge: Dodged            |    20 |    49 |    77 |    35 ||   181
  Block: Kite shield       |       |    35 |    69 |    47 ||   151
   Form: Flux              |     1 |       |     1 |       ||     2
         Beast             |       |     1 |     1 |       ||     2
